 Dungeon Crawl Stone Soup version 0.27-a0-522-g46bbb28828 (webtiles) character file.

Game seed: 3897559799750469056

1350 gruber the Slinger (level 8, -7/49 HPs)
             Began as a Halfling Hunter on Mar 4, 2021.
             Was a Believer of Okawaru.
             Mangled by an orc warrior
             ... wielding a +0 flail
              (24 damage)
             ... on level 7 of the Dungeon.
             The game lasted 00:07:11 (7001 turns).

gruber the Slinger (Halfling Hunter)                Turns: 7001, Time: 00:07:12

Health: -7/49      AC:  7    Str: 13    XL:     8   Next: 94%
Magic:  8/8        EV: 16    Int:  9    God:    Okawaru [**....]
Gold:   359        SH:  0    Dex: 17    Spells: 7/7 levels left

rFire    + . .     SeeInvis .   a - +1 hunting sling
rCold    . . .     Faith    .   (shield restricted)
rNeg     . . .     Spirit   .   b - +0 ring mail {rF+}
rPois    .         Reflect  .   (no helmet)
rElec    .         Harm     .   (no cloak)
rCorr    .         Rampage  .   s - +0 pair of gloves
Will     .....                  (no boots)
Stlth    +.........             (no amulet)
HPRegen  0.16/turn              (no ring)
MPRegen  0.11/turn              (no ring)

@: no status effects
A: small, mutation resistance 1
a: Renounce Religion, Heroism


You were on level 7 of the Dungeon.
You worshipped Okawaru.
Okawaru was pleased with you.
You visited 1 branch of the dungeon, and saw 7 of its levels.
You also visited: Sewer.

You collected 359 gold pieces.

Inventory:

Hand Weapons
 a - a +1 hunting sling (weapon)
 j - a +2 dagger of flaming
Missiles
 d - 54 sling bullets
 e - 133 stones (quivered ammo)
Armour
 b - a +0 ring mail of fire resistance (worn)
 q - a +0 ring mail of cold resistance
 s - a +0 pair of gloves (worn)
Scrolls
 c - 4 scrolls of enchant weapon {unknown}
 f - 5 scrolls of teleportation {unknown}
 g - 10 scrolls of identify {unknown}
 k - 3 scrolls of fog {unknown}
 m - 4 scrolls of amnesia {unknown}
 r - 2 scrolls of enchant armour {unknown}
 v - a scroll of fear {unknown}
 w - a scroll of magic mapping {unknown}
Potions
 h - 10 potions of curing {unknown}
 i - 2 potions of attraction {unknown}
 l - a potion of brilliance {unknown}
 n - a potion of cancellation {unknown}
 o - a potion of ambrosia {unknown}
 p - 2 potions of heal wounds {unknown}
 t - a potion of magic {unknown}
 u - a potion of haste {unknown}
 x - a potion of mutation {unknown}


   Skills:
 - Level 1.7 Fighting
 - Level 4.2 Short Blades
 * Level 12.0 Slings
 - Level 4.0 Armour
 - Level 5.0 Dodging
 - Level 1.1 Stealth


You had 7 spell levels left.
You didn't know any spells.
Your spell library contained the following spells:

 Spells                   Type           Power        Failure   Level
 Confusing Touch          Hex            0%           94%         3
 Gell's Gravitas          Tloc           0%           94%         3
 Petrify                  Tmut/Erth      0%           100%        4
 Bolt of Magma            Conj/Fire/Erth 0%           100%        5
 Iskenderun's Battlesphe  Conj           0%           100%        5
 Metabolic Englaciation   Hex/Ice        0%           100%        5
 Yara's Violent Unravell  Hex/Tmut       0%           100%        5
 Iron Shot                Conj/Erth      0%           100%        6
 Orb of Destruction       Conj           0%           100%        7
 Spellforged Servitor     Conj/Summ      0%           100%        7


Dungeon Overview and Level Annotations

Branches:
Dungeon (7/15)             Temple (0/1) D:4           Sewer (visited)

Altars:
Gozag
Hepliaklqana
Okawaru
Ru
Xom

Shops:
D:5 (


Innate Abilities, Weirdness & Mutations

You are small and have problems with some larger weapons.
You are somewhat resistant to further mutation.


Message History

You are too injured to fight recklessly!
You are too injured to fight recklessly!
You are too injured to fight recklessly!
You are too injured to fight recklessly!
You are too injured to fight recklessly!
You are too injured to fight recklessly!
You are too injured to fight recklessly!
You are too injured to fight recklessly!
You are too injured to fight recklessly!
You are too injured to fight recklessly!
You are too injured to fight recklessly!
You are too injured to fight recklessly!
You are too injured to fight recklessly!
You are too injured to fight recklessly!
You are too injured to fight recklessly!
You are too injured to fight recklessly!
You are too injured to fight recklessly!
You are too injured to fight recklessly!
You are too injured to fight recklessly!
You are too injured to fight recklessly!
You are too injured to fight recklessly!
You are too injured to fight recklessly!
You are too injured to fight recklessly!
You are too injured to fight recklessly!
Unknown command.
Unknown command.
Unknown command.
Fire: 135 stones
Press: ? - help, Q - select action, (/) - cycle Shift-Dir - straight line, f/p - orc warrior
Aim: an orc warrior, wielding a +0 flail and wearing a +0 chain mail (severely wounded, 64% to hit)
You shoot a stone.
The stone hits the orc warrior but does no damage.
The orc warrior is severely wounded.
Fire: 134 stones
Press: ? - help, Q - select action, (/) - cycle Shift-Dir - straight line, f/p - orc warrior
Aim: an orc warrior, wielding a +0 flail and wearing a +0 chain mail (severely wounded, 64% to hit)
You shoot a stone. The stone hits the orc warrior.
The orc warrior is severely wounded.
The orc warrior hits you with a +0 flail!!
You die...

##...##
#.....#
#.....#
#.....#
#....##
#.#### ###
#.#
.....#####.#
(.(.((()o@.#
.....#######
... .


You could see an orc warrior.

Vanquished Creatures
  Sigmund (D:5)
  A sky beast (D:5)
  An ogre (D:5)
  A centaur (D:5)
  A bullfrog (Sewer)
  A water moccasin zombie (D:6)
  2 scorpions
  A howler monkey (D:4)
  An orc priest (D:4)
  A hound (D:5)
  A bullfrog skeleton (D:5)
  Jessica (D:2)
  6 orc wizards
  3 worker ants
  A killer bee zombie (D:5)
  A hound skeleton (D:6)
  10 adders
  2 river rats (D:4)
  A shadow imp (D:5)
  2 ufetubi
  8 oozes
  2 worms
  2 dart slugs
  22 leopard geckos
  12 orcs
  10 bats
  10 giant cockroaches
  5 goblins
  6 hobgoblins
  4 jackals
  5 kobolds
  3 quokkas
  11 ball pythons
  A ball python skeleton (D:6)
  22 frilled lizards
  A giant cockroach zombie (D:6)
  A leopard gecko skeleton (D:6)
  A leopard gecko zombie (D:5)
  A quokka zombie (D:5)
  6 rats
172 creatures vanquished.

Vanquished Creatures (others)
  5 toadstools (D:1)
5 creatures vanquished.

Grand Total: 177 creatures vanquished

Notes
Turn   | Place    | Note
-------+----------+-------------------------------------------
     0 | D:1      | gruber the Halfling Hunter began the quest for the Orb.
     0 | D:1      | Reached XP level 1. HP: 14/14 MP: 1/1
    48 | D:1      | Reached skill level 6 in Slings
    58 | D:1      | Reached XP level 2. HP: 3/19 MP: 2/2
   429 | D:1      | Reached skill level 7 in Slings
   429 | D:1      | Reached XP level 3. HP: 24/24 MP: 3/3
   583 | D:1      | Reached skill level 1 in Short Blades
   748 | D:2      | Noticed Jessica
   754 | D:2      | Killed Jessica
   755 | D:2      | Reached XP level 4. HP: 29/29 MP: 4/4
   856 | D:2      | Found a shimmering altar of Xom.
  1870 | D:2      | Found a hazy altar of Hepliaklqana.
  1870 | D:2      | Found an opulent altar of Gozag.
  1877 | D:2      | Found an iron altar of Okawaru.
  1879 | D:2      | Found a sacrificial altar of Ru.
  1881 | D:2      | Found a faded altar of an unknown god.
  2027 | D:2      | Became a worshipper of Warmaster Okawaru
  2101 | D:3      | Reached XP level 5. HP: 34/34 MP: 5/5
  3015 | D:4      | Reached skill level 1 in Armour
  3084 | D:4      | Reached XP level 6. HP: 39/39 MP: 6/6
  3397 | D:4      | Found a glowing drain.
  3429 | Sewer    | Entered a sewer
  3693 | Sewer    | Reached * piety under Okawaru
  3764 | Sewer    | Reached XP level 7. HP: 39/44 MP: 7/7
  3905 | Sewer    | Reached skill level 5 in Dodging
  4375 | D:4      | Found a staircase to the Ecumenical Temple.
  4744 | D:5      | Entered Level 5 of the Dungeon
  4770 | D:5      | Found Duxoiptu's Antique Weapon Shoppe.
  4868 | D:5      | Reached skill level 8 in Slings
  4910 | D:5      | Reached XP level 8. HP: 49/49 MP: 8/8
  4935 | D:5      | Reached skill level 9 in Slings
  5382 | D:5      | Noticed Sigmund
  5405 | D:5      | Reached skill level 10 in Slings
  5443 | D:5      | Killed Sigmund
  5443 | D:5      | Reached ** piety under Okawaru
  5444 | D:5      | Reached skill level 11 in Slings
  6969 | D:7      | Reached skill level 12 in Slings
  7001 | D:7      | Mangled by an orc warrior

Illustrated notes

Levels and vault maps discovered:
D:1:      ldierk_walled_garden, layout_rooms
D:2:      layout_basic, lemuel_doored_altar,
          chequers_temple_overflow_minitemple, uniq_jessica
D:3:      layout_basic, minmay_misc_feat_tower
D:4:      layout_rooms, minmay_temple_entry_glassed_door,
          cheibrodos_sewer_entry_sluice, fountainhead, columned_hall_lemuel
D:5:      layout_layer_cave, serial_shops, shop, due_unseen_surprise,
          uniq_sigmund
D:6:      layout_cave_pools
D:7:      layout_loops_cross, yredelemnul_forgotten_temple_becter

Skill      XL: |  1  2  3  4  5  6  7  8 |
---------------+-------------------------+-----
Slings         | 6 7 8 12 | 12.0
Short Blades   | 2 3 4 |  4.2
Armour         | 1 2 4 |  4.0
Dodging        | 3 4 5 |  5.0
Fighting       | |  1.7
Stealth        | |  1.1

Action                   |  1- 3 |  4- 6 |  7- 9 || total
-------------------------+-------+-------+-------++-------
Melee: Short sword       |    20 |       |       ||    20
       Dagger            |       |    17 |    32 ||    49
       Hunting sling     |       |       |     2 ||     2
 Fire: Hunting sling     |    43 |   302 |   300 ||   645
Invok: Heroism           |       |       |     1 ||     1
Armor: Leather armour    |    16 |       |       ||    16
       Ring mail         |       |    21 |    24 ||    45
Dodge: Dodged            |    48 |    48 |    68 ||   164

Table legend: (Time is in decaauts)
 A = Elapsed time spent in this place.
 B = Non-inter-level travel time spent in this place.
 C = Inter-level travel time spent in this place.
 D = Time resting spent in this place.
 E = Time spent auto-exploring this place.
 F = Levels seen in this place.
 G = Mean time per level.
                   A        B        C        D        E       F      G
               +--------+--------+--------+--------+--------+-----+--------+
         Total |   6978 |   6692 |    286 |      3 |   5636 |   8 |  872.2 |
       Dungeon |   6232 |   5946 |    286 |      0 |   5136 |   7 |  890.3 |
         Sewer |    745 |    745 |      0 |      3 |    499 |   1 |  745.0 |
               +--------+--------+--------+--------+--------+-----+--------+

Top non-repeatable levels by time:
     D:5: 1358 daAuts
     D:2: 1298 daAuts
     D:3: 1131 daAuts
     D:4: 883 daAuts
   Sewer: 745 daAuts
     D:1: 744 daAuts
     D:6: 583 daAuts
     D:7: 234 daAuts
